 Dungeon Crawl Stone Soup version 0.32-a0-614-gd166fa89d2 (webtiles) character file.

Game seed: 14283600036530887577

261 tilp the Vexing (level 5, -10/39 HPs)
             Began as a Vampire Enchanter on Mar 5, 2024.
             Killed from afar by a steam dragon (28 damage)
             ... with a ball of steam
             ... on level 5 of the Dungeon.
             The game lasted 00:05:04 (2521 turns).

tilp the Vexing (Vampire Enchanter)                 Turns: 2521, Time: 00:05:05

Health: -10/39     AC:  5    Str:  7    XL:     5   Next: 96%
Magic:  4/9        EV: 13    Int: 20    God:
Gold:   96         SH:  0    Dex: 14    Spells: 4/9 levels left

rFire   . . .        a - +1 dagger
rCold   + . .        (no shield)
rNeg    . . .        g - +2 robe {rC+}
rPois   .            (no helmet)
rElec   .            f - +0 cloak
rCorr   .            (no gloves)
SInv    +            (no boots)
Will    .....        (no amulet)
Stlth   +++          (no ring)
HPRegen 0.46/turn    (no ring)
MPRegen 0.11/turn

%: no passive effects
@: confusing by touch, healing quickly
A: alive, fangs 3, see invisible, vampiric 2
a: Exsanguinate


You were on level 5 of the Dungeon.
You visited 1 branch of the dungeon, and saw 5 of its levels.

You collected 166 gold pieces.
You spent 70 gold pieces at shops.

Inventory:

Hand Weapons
 a - a +1 dagger (weapon)
Missiles
 i - 3 boomerangs (quivered)
Armour
 f - a +0 cloak (worn)
 g - a +2 robe of cold resistance (worn)
Jewellery
 b - an amulet of guardian spirit
Scrolls
 e - 2 scrolls of revelation
 h - a scroll of identify
 j - a scroll of teleportation
Potions
 c - 2 potions of invisibility
 d - a potion of curing
 k - a potion of berserk rage {unknown}


   Skills:
 * Level 2.3 Fighting
 * Level 3.1 Short Blades
 + Level 3.0 Dodging
 + Level 5.3 Stealth
 + Level 2.6 Spellcasting
 + Level 5.3 Hexes
 + Level 1.4 Ice Magic


You had 4 spell levels left.
You knew the following spells:

 Your Spells              Type           Power      Damage    Failure   Level
a - Ensorcelled Hibernat  Hex/Ice        32%        N/A       5%          2
b - Confusing Touch       Hex            23%        N/A       4%          3

Your spell library contained the following spells:

 Spells                   Type           Power      Damage    Failure   Level
 Tukima's Dance           Hex            23%        N/A       4%          3
 Dazzling Flash           Conj/Hex       26%        N/A       16%         3


Dungeon Overview and Level Annotations

Branches:
Dungeon (6/15)             Temple (0/1) D:6

Altars:

Shops:
D:1 [


Innate Abilities, Weirdness & Mutations

Your natural rate of healing is accelerated.
You have razor-sharp teeth.
You have supernaturally acute eyesight. (SInv)
You are afflicted with vampirism and can become a bat while bloodless.


Message History

Things that are here:
a +0 whip; an orc corpse A steam dragon comes into view.
The orc wizard shouts!
The steam dragon hisses angrily.
An iguana comes into view.
The steam dragon breathes steam at you. The ball of steam hits you!
The iguana hisses angrily.
The orc shouts!
Unknown command.
Casting: Ensorcelled Hibernation (safe; 5% risk of failure)
Confirm with . or Enter, or press ? or * to list all spells.
Aiming: Ensorcelled Hibernation (safe; 5% risk of failure)
Press: ? - help, Shift-Dir - straight line, f - steam dragon
Aim: a steam dragon (chance to affect: 50%)
The steam dragon looks drowsy...
You are engulfed in a cloud of scalding steam.
Unknown command.
The helpless steam dragon fails to defend itself.
You impale the steam dragon!!
The steam dragon is severely wounded.
You are engulfed in a cloud of scalding steam.
The steam dragon closely misses you.
The steam dragon claws you but does no damage.
The steam dragon attacks as it pursues you!
The steam dragon barely misses you. The steam dragon claws you.
Unknown command.
Casting: Ensorcelled Hibernation (safe; 5% risk of failure)
Confirm with . or Enter, or press ? or * to list all spells.
Aiming: Ensorcelled Hibernation (safe; 5% risk of failure)
Press: ? - help, Shift-Dir - straight line, f - orc wizard, p - steam dragon
Aim: an orc wizard, wielding a +0 falchion and wearing a +0 robe (chance to affect: 50%)
Okay, then.
Casting: Ensorcelled Hibernation (safe; 5% risk of failure)
Confirm with . or Enter, or press ? or * to list all spells.
Your hands begin to glow red.
The iguana hisses menacingly.
The steam dragon breathes steam at you. The ball of steam hits you!!
Ouch! That really hurt!
You die...

.# ####### ..# #...... .
..##...... .. ......... ...
##....... .... #........
..... #########.#......
.....o####...).....#......
.....lo.D@ยง###############
......###### ..... ../. ...
.. .


You could see a steam dragon (catching breath), an iguana, an orc wizard and an
orc.

Vanquished Creatures
  An ice beast (D:6)
  A scorpion (D:5)
  5 adders
  A shadow imp (D:5)
  A dart slug (D:2)
  2 orcs
  6 ball pythons
  4 bats
  4 endoplasms
  2 giant cockroaches (D:1)
  10 goblins
  2 hobgoblins
  6 jackals (D:3)
  3 kobolds
  5 quokkas
  2 frilled lizards
  2 rats (D:3)
57 creatures vanquished.

Notes
Turn   | Place    | Note
-------+----------+-------------------------------------------
     0 | D:1      | tilp the Vampire Enchanter began the quest for the Orb.
     0 | D:1      | Reached XP level 1. HP: 13/13 MP: 3/3
   337 | D:1      | Reached XP level 2. HP: 19/20 MP: 5/5
   340 | D:1      | Learned a level 2 spell: Ensorcelled Hibernation
   533 | D:1      | Found Noor's Antique Armour Emporium.
   819 | D:1      | Reached skill level 1 in Fighting
  1305 | D:2      | Gained mutation: You are afflicted with vampirism and can
                  | become a bat while bloodless. [Vampire growth]
  1305 | D:2      | Reached XP level 3. HP: 26/26 MP: 6/6
  1310 | D:2      | Learned a level 3 spell: Confusing Touch
  1707 | D:2      | Reached XP level 4. HP: 26/32 MP: 0/7
  2125 | D:1      | Bought a glowing robe for 70 gold pieces
  2301 | D:3      | You fall into a shaft and drop 3 floors!
  2302 | D:6      | Noticed an ice beast
  2338 | D:6      | Killed an ice beast
  2339 | D:6      | Reached skill level 5 in Stealth
  2339 | D:6      | Reached skill level 5 in Hexes
  2339 | D:6      | Reached skill level 1 in Ice Magic
  2339 | D:6      | Reached XP level 5. HP: 11/38 MP: 3/8
  2421 | D:5      | Entered Level 5 of the Dungeon
  2515 | D:5      | Noticed a steam dragon
  2521 | D:5      | Killed from afar by a steam dragon

Illustrated notes

Levels and vault maps discovered:
D:1:      sevenhm_arrival_forest_fort_large_2, layout_basic, serial_shops,
          nicolae_diamond_shop, serial_bayou_pond_e
D:2:      layout_basic, dk_noncrumbling_3
D:3:      layout_rooms, nicolae_ecumenical_pavilion, grunt_ministairs_1,
          minivault_23, chequers_serial_rivers_small_a,
          minmay_shallow_snake_nest
D:5:      layout_rooms, minmay_overflow_temple_star_quad
D:6:      layout_loops_corners, minmay_temple_entry_mist, grunt_ministairs_11,
          due_unseen_surprise

Skill      XL: |  1  2  3  4  5 |
---------------+----------------+-----
Fighting       | 1 2 |  2.3
Short Blades   | 2 3 |  3.1
Stealth        | 5 |  5.3
Hexes          | 5 |  5.3
Ice Magic      | 1 |  1.4
Dodging        | 3 |  3.0
Spellcasting   | |  2.6

Action                     |  1- 3 |  4- 6 || total
---------------------------+-------+-------++-------
  Melee: Dagger            |    82 |    72 ||   154
         Bite              |     6 |     7 ||    13
   Cast: Ensorcelled Hiber |    17 |     4 ||    21
         Confusing Touch   |       |     4 ||     4
    Use: Scroll            |     3 |     3 ||     6
   Stab: Sleeping          |    21 |     9 ||    30
         Confused          |       |     3 ||     3
 Armour: Robe              |    51 |    33 ||    84
  Dodge: Dodged            |    63 |    38 ||   101

Table legend: (Time is in decaauts)
 A = Elapsed time spent in this place.
 B = Non-inter-level travel time spent in this place.
 C = Inter-level travel time spent in this place.
 D = Time resting spent in this place.
 E = Time spent auto-exploring this place.
 F = Levels seen in this place.
 G = Mean time per level.
                   A        B        C        D        E       F      G
               +--------+--------+--------+--------+--------+-----+--------+
         Total |   2507 |   2340 |    167 |    567 |   1282 |   5 |  501.4 |
       Dungeon |   2507 |   2340 |    167 |    567 |   1282 |   5 |  501.4 |
               +--------+--------+--------+--------+--------+-----+--------+

Top non-repeatable levels by time:
     D:1: 1186 daAuts
     D:2: 969 daAuts
     D:3: 135 daAuts
     D:6: 117 daAuts
     D:5: 98 daAuts
